 Dungeon Crawl Stone Soup version 0.30.0-15-g856e2d3f33 (webtiles) character file.

Game seed: 5465206436640264672

3949 RascalDebosk the Fighter (level 10, -7/83 HPs)
             Began as a Djinni Conjurer on May 18, 2023.
             Was an Initiate of Ashenzari.
             Killed by divine providence
             ... invoked by an orc priest
              (12 damage)
             ... on level 7 of the Dungeon.
             The game lasted 00:46:13 (6266 turns).

RascalDebosk the Fighter (Djinni Conjurer)          Turns: 6266, Time: 00:46:13

Health: -7/83      AC:  9    Str:  6    XL:     10   Next: 45%
Gold:   603        EV:  9    Int: 24    God:    Ashenzari [......] SH:  0 Dex: 12

rFire   + + .        v - +1 dagger (drain)
rCold   . . .        (no shield)
rNeg    . . .        u - +0 ring mail
rPois   ∞            (no helmet)
rElec   .            (no cloak)
rCorr   +            H - +2 pair of gloves
SInv    .            (boots unavailable)
Will    +....        (no amulet)
Stlth   +            r - ring of the Oracular Fetters {rC+, Self, Fort} (curse)
HPRegen 0.33/turn    B - ring of resist corrosion
MPRegen 0.00/turn

%: infuse magic (-8 HP)
@: flying, very slightly contaminated, studying Fighting
A: sickness immunity, fire resistance 2, cold vulnerability 1, float, innate
caster, HP casting, extra vitality 1
a: Renounce Religion, Curse Item, Shatter the Chains


You were on level 7 of the Dungeon.
You worshipped Ashenzari.
Ashenzari was noncommittal.
You visited 2 branches of the dungeon, and saw 8 of its levels.

You collected 603 gold pieces.

Inventory:

Hand Weapons
 h - a +0 long sword
 s - a +0 dagger
 v - a +1 dagger of draining (weapon)
 G - a +2 dagger of speed
Armour
 a - a +0 robe
 u - a +0 ring mail (worn)
 H - a +2 pair of gloves (worn)
Jewellery
 m - a ring of protection from fire
 r - the cursed ring of the Oracular Fetters (left hand) {rC+, Self, Fort}
   (You found it on level 3 of the Dungeon)

   [ring of protection from cold]

   rC:        It protects you from cold.
   It has a curse which improves the following skills: Introspection: Fighting
   and Spellcasting.
   Fortitude: Armour and Shields.
 B - a ring of resist corrosion (right hand)
Wands
 D - a wand of quicksilver (9)
 E - a wand of charming (3)
Scrolls
 b - 4 scrolls of enchant armour {unknown}
 c - 2 scrolls of noise {unknown}
 d - 3 scrolls of fog {unknown}
 i - 3 scrolls of enchant weapon {unknown}
 l - 4 scrolls of teleportation {unknown}
 n - 3 scrolls of fear {unknown}
 o - a scroll of magic mapping {unknown}
 t - a scroll of poison {unknown}
 w - a scroll of silence {unknown}
 y - 6 scrolls of identify {unknown}
 I - a scroll of blinking {unknown}
Potions
 e - 3 potions of curing {unknown}
 f - 5 potions of heal wounds {unknown}
 g - 2 potions of berserk rage {unknown}
 j - a potion of might {unknown}
 k - a potion of invisibility {unknown}
 p - 4 potions of magic {unknown}
 q - 2 potions of flight {unknown}
 x - a potion of degeneration {unknown}
 z - 2 potions of attraction {unknown}
 A - a potion of ambrosia {unknown}
 C - a potion of mutation {unknown}
 F - 2 potions of brilliance {unknown}
 J - a potion of lignification {unknown}


   Skills:
 * Level 11.2(11.6) Fighting
 - Level 2.2 Short Blades
 + Level 4.2 Staves
 - Level 3.8(4.2) Armour
 - Level 2.1 Dodging
 - Level 1.5 Stealth
 * Level 7.4(7.8) Spellcasting
 + Level 4.5 Evocations


You knew the following spells:

 Your Spells              Type           Power      Damage    Failure   Level
a - Magic Dart            Conj           100%       1d8       1%          1
b - Searing Ray           Conj           94%        2d7       1%          2
c - Dazzling Flash        Conj/Hex       94%        N/A       2%          3
d - Fulminant Prism       Conj/Hex       23%        3d12      10%         4
e - Iskenderun's Mystic   Conj/Tloc      47%        2d10      10%         4
f - Freeze                Ice            100%       1d10      1%          1
g - Lesser Beckoning      Tloc           94%        N/A       1%          2
h - Poisonous Vapours     Pois/Air       94%        N/A       1%          2
i - Call Canine Familiar  Summ           47%        N/A       2%          3
Your spell library was empty.

Dungeon Overview and Level Annotations

Branches:
Dungeon (7/15)             Temple (1/1) D:4

Altars:
Ashenzari
Cheibriados
Dithmenos
Elyvilon
Fedhas
Gozag
Hepliaklqana
Makhleb
Nemelex Xobeh
Okawaru
Qazlal
Ru
Trog
Wu Jian
Xom
Yredelemnul
Zin
The Shining One

Shops:
D:3 (


Innate Abilities, Weirdness & Mutations

You are immune to sickness and miasma.
You are immune to poison.
Your flesh is very heat resistant. (rF++)
You are vulnerable to cold. (rC-)
You float through the air rather than walking.
You learn spells naturally, not from books.
Your magical power is your life essence.
You have superior vitality. (+4 MHP)


Message History

Confirm with . or Enter, or press ? or * to list all spells.
Aiming: Poisonous Vapours (safe; 1% risk of failure)
Press: ? - help, Dir - move target, f - orc
Aim: an orc, wielding a +0 hand axe Poisonous vapours surround the orc!
The orc is poisoned.
The centaur shoots an arrow.
The arrow barely misses you.
A killer bee comes into view.
Your fulminant prism explodes!
The blast of energy engulfs the killer bee!!
You kill the killer bee!
Your Fighting skill increases to level 11!
Casting: Poisonous Vapours (safe; 1% risk of failure)
Confirm with . or Enter, or press ? or * to list all spells.
Aiming: Poisonous Vapours (safe; 1% risk of failure)
Press: ? - help, Dir - move target, f - centaur, p - orc
Aim: a centaur, wielding a +0 shortbow and quivering stones Poisonous vapours surround the centaur!
The centaur is poisoned.
Casting: Poisonous Vapours (safe; 1% risk of failure)
Confirm with . or Enter, or press ? or * to list all spells.
Aiming: Poisonous Vapours (safe; 1% risk of failure)
Press: ? - help, Dir - move target, f/p - centaur
Aim: a centaur, wielding a +0 shortbow and quivering stones (very poisoned) Poisonous vapours surround the centaur!
The centaur looks as sick as possible!
Casting: Poisonous Vapours (safe; 1% risk of failure)
Confirm with . or Enter, or press ? or * to list all spells.
You miscast Iskenderun's Mystic Blast.
You are very lightly contaminated with residual magic.
Nothing appears to happen.
The orc barely misses you.
Casting: Iskenderun's Mystic Blast (dangerous; 10% risk of failure)
Confirm with . or Enter, or press ? or * to list all spells.
You erupt in a blast of force!
The mystic blast hits the orc!
You kill the orc!
The mystic blast hits the killer bee!
The killer bee is heavily wounded.
The killer bee is knocked back by the mystic blast.
The killer bee slams into the rock wall!
You kill the killer bee!
* * * LOW HITPOINT WARNING * * *
You hear a shout!
An orc priest comes into view. It is wielding a +0 falchion.
The hornet attacks as you move away! The hornet stings you!
* * * LOW HITPOINT WARNING * * *
Casting: Iskenderun's Mystic Blast (dangerous; 10% risk of failure)
Confirm with . or Enter, or press ? or * to list all spells.
You erupt in a blast of force!
The mystic blast hits the orc!
You kill the orc!
The mystic blast hits the hornet!
The hornet is moderately wounded.
The hornet is knocked back by the mystic blast.
The hornet collides with the centaur!
The centaur is almost dead.
The mystic blast hits the killer bee!
The killer bee is severely wounded.
The killer bee is knocked back by the mystic blast.
The killer bee slams into the rock wall!
The killer bee is almost dead.
* * * LOW HITPOINT WARNING * * *
You kill the centaur!
A killer bee comes into view.
Casting: Iskenderun's Mystic Blast (dangerous; 10% risk of failure)
Confirm with . or Enter, or press ? or * to list all spells.
Aiming: Searing Ray (safe; 1% risk of failure)
Press: ? - help, Shift-Dir - straight line, f - killer bee
Aim: a killer bee (almost dead, 63% to hit)
Okay, then.
Casting: Searing Ray (safe; 1% risk of failure)
Confirm with . or Enter, or press ? or * to list all spells.
You miscast Iskenderun's Mystic Blast.
You catch a glimpse of the back of your own head.
You are magically locked in place.
* * * LOW HITPOINT WARNING * * *
The killer bee buzzes angrily.
The killer bee misses you.
The killer bee stings you but does no damage.
The hornet stings you!
* * * LOW HITPOINT WARNING * * *
Casting: Iskenderun's Mystic Blast (dangerous; 10% risk of failure)
Confirm with . or Enter, or press ? or * to list all spells.
You erupt in a blast of force!
The mystic blast hits the hornet!!
The hornet is almost dead.
The hornet is knocked back by the mystic blast.
The hornet collides with the killer bee!
The killer bee is heavily wounded.
You kill the hornet!
The mystic blast hits the killer bee.
You kill the killer bee!
* * * LOW HITPOINT WARNING * * *
You are no longer locked in place.
A troll comes into view.
The killer bee completely misses you.
The killer bee stings you but does no damage.
The killer bee completely misses you.
The killer bee attacks as you move away!
The killer bee stings you.
* * * LOW HITPOINT WARNING * * *
The killer bee stings you.
* * * LOW HITPOINT WARNING * * *
The orc priest mumbles some strange prayers to Beogh against you.
Beogh smites you!
You die...

#.##..#.###...........#####..
. #.#..##............#### #..
.o.
#...#######(.........########
....##..# #...............
..).....### #...............
....)...>)#####...............
.......†#.)..)..........######
.. ....#.†)†.To...........##
#. ####...######..y@......###
#. #†.. ###.#........#######.
..... ...##.#>#...........
..###. #..####...#.#..######.
.y #. ...# ###.#.##...####.
.... .....###...... ##.
#.##...#####.. # .. ##.......#
. #......


You could see a troll, a killer bee and an orc priest.

Vanquished Creatures
  Pikel (D:6)
  A hornet (D:7)
  Eustachio (D:6)
  A wyvern (D:7)
  Menkaure (D:6)
  An acid dragon (D:6)
  3 orc warriors
  2 black bears
  2 ogres
  3 centaurs
  3 phantoms
  2 kobold brigands
  3 gnoll sergeants
  A bullfrog (D:7)
  2 scorpions
  8 killer bees (D:7)
  2 howler monkeys
  An orc priest (D:7)
  4 jellies
  4 hounds
  3 sleepcaps
  An iguana (D:6)
  7 orc wizards
  5 gnolls (D:6)
  4 adders
  2 white imps (D:6)
  2 ufetubi
  A dart slug (D:4)
  26 orcs
  6 bats
  4 endoplasms
  6 giant cockroaches
  3 goblins
  5 hobgoblins
  4 jackals
  3 quokkas
  5 ball pythons
  6 frilled lizards
  20 kobolds
  5 rats
  A spectral kobold (D:2)
165 creatures vanquished.

Vanquished Creatures (others)
  22 fulminant prisms
22 creatures vanquished.

Grand Total: 187 creatures vanquished

Notes
Turn   | Place    | Note
-------+----------+-------------------------------------------
     0 | D:1      | RascalDebosk the Djinni Conjurer began the quest for the
                  | Orb.
     0 | D:1      | RascalDebosk set off with the following spells memorised:
                  | Magic Dart, Searing Ray, Dazzling Flash, Fulminant Prism,
                  | Iskenderun's Mystic Blast.
     0 | D:1      | Reached XP level 1. HP: 15/15 MP: 0/0
   177 | D:1      | Reached XP level 2. HP: 19/21 MP: 0/0
   776 | D:2      | Reached XP level 3. HP: 22/25 MP: 0/0
   776 | D:2      | Learned a level 1 spell: Freeze
   894 | D:2      | Found a faded altar of an unknown god.
  1292 | D:3      | Reached XP level 4. HP: 23/31 MP: 0/0
  1293 | D:3      | Reached skill level 1 in Fighting
  1495 | D:3      | Reached skill level 2 in Fighting
  1708 | D:3      | Found Yneuhalo's Weapon Emporium.
  1894 | D:4      | Reached XP level 5. HP: 22/38 MP: 0/0
  1894 | D:4      | Learned a level 2 spell: Lesser Beckoning
  1962 | D:4      | Found a staircase to the Ecumenical Temple.
  1967 | Temple   | Entered the Ecumenical Temple
  2109 | Temple   | Became a worshipper of Ashenzari the Shackled
  2439 | D:4      | Noticed a phantom
  2449 | D:4      | Killed a phantom
  2450 | D:4      | Reached skill level 3 in Fighting
  2450 | D:4      | Reached skill level 1 in Short Blades
  2450 | D:4      | Reached skill level 1 in Armour
  2732 | D:4      | Reached XP level 6. HP: 43/47 MP: 0/0
  2862 | D:5      | Entered Level 5 of the Dungeon
  2878 | D:5      | Noticed a black bear
  2885 | D:5      | Killed a black bear
  2886 | D:5      | Reached skill level 4 in Fighting
  2959 | D:5      | Found a snail-covered altar of Cheibriados.
  3088 | D:5      | Reached skill level 5 in Fighting
  3088 | D:5      | Reached XP level 7. HP: 31/54 MP: 0/0
  3088 | D:5      | Learned a level 2 spell: Poisonous Vapours
  3289 | D:5      | Reached skill level 5 in Spellcasting
  3896 | D:6      | Reached skill level 6 in Fighting
  3897 | D:6      | Reached XP level 8. HP: 54/61 MP: 0/0
  3959 | D:6      | Noticed Menkaure
  3964 | D:6      | Killed Menkaure
  3965 | D:6      | Reached skill level 1 in Staves
  3965 | D:6      | Reached skill level 1 in Evocations
  4078 | D:6      | Noticed Eustachio
  4284 | D:6      | Killed Eustachio
  4285 | D:6      | Reached skill level 7 in Fighting
  4461 | D:6      | Found a sparkling altar of Nemelex Xobeh.
  4652 | D:6      | Noticed Pikel
  4668 | D:6      | Killed Pikel
  4669 | D:6      | Reached skill level 8 in Fighting
  4669 | D:6      | Reached XP level 9. HP: 33/71 MP: 0/0
  4669 | D:6      | Learned a level 3 spell: Call Canine Familiar
  5238 | D:6      | Reached skill level 9 in Fighting
  5698 | D:7      | Reached skill level 10 in Fighting
  5698 | D:7      | Reached XP level 10. HP: 38/81 MP: 0/0
  6253 | D:7      | Reached skill level 11 in Fighting
  6266 | D:7      | Killed from afar by an orc priest

Illustrated notes

Levels and vault maps discovered:
D:1:      amcnicky_arrival_double_pillar, layout_basic
D:2:      layout_rooms, dreamdust_ecumenical_altar_drowned_temple,
          minmay_tromino_v4_c
D:3:      minmay_evil_eye, layout_basic, serial_shops,
          nicolae_shop_bloodbath_and_beyond
D:4:      layout_gridville, minmay_temple_entry_ruins
D:5:      layout_rooms, overflow_temple_1_default, amcnicky_altar_gilded
D:6:      layout_basic, nemelex_spade_bored_becter, amcnicky_mini_pool_medium,
          uniq_pikel, uniq_menkaure, uniq_eustachio
D:7:      minmay_thinvault, layout_rooms,
          nicolae_uskayaw_murder_on_the_dancefloor, minmay_fountain_box,
          st_stairs_1
Temple:   hc_temple_tempest_star

Skill      XL: |  1  2  3  4  5  6  7  8  9 10 |
---------------+-------------------------------+-----
Spellcasting   | 4 5 6 7 |  7.4
Fighting       | 2 3 5 6 8 10 11 | 11.2
Short Blades   | 1 2 |  2.2
Armour         | 1 2 3 |  3.8
Staves         | 2 3 4 |  4.2
Evocations     | 2 3 4 |  4.5
Dodging        | |  2.1
Stealth        | |  1.5

Action                     |  1- 3 |  4- 6 |  7- 9 | 10-12 || total
---------------------------+-------+-------+-------+-------++-------
  Melee: Dagger            |       |       |     1 |       ||     1
   Cast: Magic Dart        |    73 |    52 |    49 |    23 ||   197
         Searing Ray       |     3 |    17 |    31 |     6 ||    57
         Iskenderun's Myst |       |     5 |    24 |     9 ||    38
         Fulminant Prism   |       |     1 |    16 |     5 ||    22
         Poisonous Vapours |       |       |     3 |     3 ||     6
 Invoke: Curse Item        |       |       |     1 |       ||     1
 Armour: Robe              |     1 |     1 |       |       ||     2
         Ring mail         |       |     2 |     4 |     6 ||    12
  Dodge: Dodged            |     4 |     8 |    24 |     9 ||    45
